 Dungeon Crawl Stone Soup version 0.30.0-11-gf55b779eaf (webtiles) character file.

Game seed: 17188233079200372317

26 Firecrotchwizard the Chopper (level 3, -3/33 HPs)
             Began as a Hill Orc Monk on May 17, 2023.
             Succumbed to an orc wizard's poison
             ... on level 3 of the Dungeon.
             The game lasted 00:00:44 (314 turns).

Firecrotchwizard the Chopper (Hill Orc Monk)         Turns: 314, Time: 00:00:44

Health: -3/33      AC:  2    Str: 15    XL:     3   Next: 8%
Magic:  3/3        EV: 12    Int: 10    God:
Gold:   13         SH:  0    Dex: 13    Spells: 2/2 levels left

rFire   . . .        a - +0 hand axe
rCold   . . .        d - orb {light}
rNeg    . . .        b - +0 robe
rPois   .            (no helmet)
rElec   .            (no cloak)
rCorr   .            (no gloves)
SInv    .            (no boots)
Will    .....        (no amulet)
Stlth   +            (no ring)
HPRegen 0.25/turn    (no ring)
MPRegen 0.08/turn

%: no passive effects
@: confused, lethally poisoned (-3 -> -21), glowing
A: no striking features
a: no special abilities


You were on level 3 of the Dungeon.
You visited 1 branch of the dungeon, and saw 3 of its levels.

You collected 13 gold pieces.

Inventory:

Hand Weapons
 a - a +0 hand axe (weapon)
Armour
 b - a +0 robe (worn)
 d - an orb of light (worn)
Scrolls
 e - a scroll of noise {unknown}
 g - a scroll of teleportation {unknown}
Potions
 c - a potion of ambrosia
 f - a potion of flight {unknown}


   Skills:
 + Level 4.0 Fighting
 * Level 4.8 Axes
 + Level 1.2 Armour
 - Level 2.4 Dodging


You had 2 spell levels left.
You didn't know any spells.
Your spell library was empty.

Dungeon Overview and Level Annotations

Branches:
Dungeon (3/15)

Altars:


Message History

You now have 13 gold pieces (gained 2).
e - a scroll labelled WUVISUSTRAS
f - a smoky black potion
g - a scroll labelled EQENEO UDOIKOM You open the door.
An adder comes into view.
The adder hisses angrily.
The adder barely misses you.
There is an open door here.
You barely miss the adder. The adder completely misses you.
You barely miss the adder. The adder bites you. x2
You slash the adder!
The adder is severely wounded.
The adder barely misses you.
You hit the adder.
You kill the adder!
Your Fighting skill increases to level 4!
Your Armour skill increases to level 1!
No target in view!
(D) Dungeon
Where to? (Enter - D:2, ? - help)
There is a stone staircase leading down here.
You climb downwards.
There is a stone staircase leading up here.
A bat is nearby!
A bat is nearby!
The bat hits you but does no damage.
You hit the bat.
You kill the bat!
No target in view!
You open the large door.
An orc wizard and 2 orcs come into view.
An orc is wielding a +0 whip of freezing.
The orc wizard is wielding a +1 dagger of venom.
The orc shouts! x2
Unknown command.
You completely miss the orc. The orc hits you with a +0 club.
You hit the orc.
The orc is almost dead.
The orc hits you with a +0 club.
You hit the orc.
You kill the orc!
You have reached level 3!
Your experience leads to an increase in your attributes!
Increase (s)trength, (i)ntelligence, or (d)exterity?
You feel stronger. x2
You hit the orc.
The orc is moderately wounded.
You completely miss the orc.
The orc is moderately wounded.
The orc wizard casts a spell.
The orc wizard flickers and vanishes for a moment.
The orc hits you but does no damage.
You barely miss the orc.
The orc is moderately wounded.
The orc barely misses you.
You barely miss the orc.
The orc is moderately wounded.
You barely miss the orc wizard. The orc wizard barely misses you.
The orc closely misses you.
You hit the orc.
The orc is heavily wounded.
You hit the orc wizard but do no damage.
The orc wizard hits you with a +1 dagger of venom.
You are poisoned.
The orc closely misses you.
You barely miss the orc.
The orc is heavily wounded.
You hit the orc wizard.
You feel very sick.
The orc wizard hits you with a +1 dagger of venom.
You are more poisoned.
The orc closely misses you.
You hit the orc.
The orc is almost dead.
You hit the orc wizard.
You feel very sick. The orc wizard casts a spell at you.
You are confused.
The orc misses you.
You hit the orc.
You kill the orc!
You closely miss the orc wizard.
You feel very sick. The orc wizard closely misses you.
You hit the orc wizard.
The orc wizard is heavily wounded.
You feel sick. The orc wizard misses you.
Unknown command.
You hit the orc wizard.
The orc wizard is almost dead.
You feel sick. The orc wizard casts a spell at you. The magic dart hits you!
* * * LOW HITPOINT WARNING * * *
The orc wizard hits you with a +1 dagger of venom.
* * * LOW HITPOINT WARNING * * *
You are more poisoned.
You barely miss the orc wizard.
The orc wizard is almost dead.
You die...

#.....
#....
#.... ...
... #'#
#######o##
#<....)@.#
#........#
#........#
#........#
##########


You could see an orc wizard (invisible).

Vanquished Creatures
  An adder (D:2)
  2 orcs (D:3)
  3 endoplasms
  2 goblins (D:1)
  2 hobgoblins (D:1)
  A quokka (D:2)
  2 bats
  A frilled lizard (D:2)
14 creatures vanquished.

Notes
Turn   | Place    | Note
-------+----------+-------------------------------------------
     0 | D:1      | Firecrotchwizard the Hill Orc Monk began the quest for the
                  | Orb.
     0 | D:1      | Reached XP level 1. HP: 19/19 MP: 1/1
   116 | D:1      | Reached XP level 2. HP: 27/27 MP: 2/2
   261 | D:2      | Reached skill level 1 in Armour
   304 | D:3      | Reached XP level 3. HP: 26/33 MP: 3/3
   313 | D:3      | HP: 1/33 [orc wizard/+1 dagger of venom (2)]
   314 | D:3      | Succumbed to an orc wizard's poison

Illustrated notes

Levels and vault maps discovered:
D:1:      onia_arrival_pentagram, layout_basic, solitary_fountain
D:2:      layout_basic, serial_shops, shop, nicolae_square_shop,
          nicolae_diamond_shop, shop
D:3:      layout_basic, mainiacjoe_overflow_catwalk_spiral,
          mainiacjoe_overflow_paths, serial_shops, nicolae_shop_tiny_glass,
          roderic_batcave, minivault_5, uniq_natasha, uniq_ijyb

Skill      XL: |  1  2 |
---------------+-------+-----
Fighting       | 4 |  4.0
Armour         | 1 |  1.2
Axes           | |  4.8
Dodging        | |  2.4

Action                     || total
---------------------------++-------
  Melee: Hand axe          ||    44
 Armour: Robe              ||     3
  Dodge: Dodged            ||    24
